 Dungeon Crawl Stone Soup version 0.24-a0-516-g9de272bb65 (webtiles) character file.

Game seed: 975312298863385776

12992 Froggeryz the Martial Artist (level 12, -9/91 HPs)
             Began as a Gnoll Transmuter on July 22, 2019.
             Was an Elder of Qazlal.
             Mangled by an eight-headed hydra (11 damage)
             ... on level 1 of the Lair of Beasts.
             The game lasted 00:37:14 (11694 turns).

Froggeryz the Martial Artist (Gnoll Transmuter)    Turns: 11694, Time: 00:37:14

Health: -9/91      AC:  2    Str: 11    XL:     12   Next: 1%
Magic:  24/24      EV: 28    Int: 19    God:    Qazlal [****..]
Gold:   285        SH:  5    Dex: 20    Spells: 12/28 levels left

rFire    . . .     SeeInvis .     - Unarmed
rCold    . . .     Gourm    .   (shield currently unavailable)
rNeg     . . .     Faith    .   (armour currently unavailable)
rPois    .         Spirit   .   (helmet currently unavailable)
rElec    .         Reflect  .   (cloak currently unavailable)
rCorr    .         Harm     .   (gloves currently unavailable)
MR       .....                  (boots currently unavailable)
Stlth    ++........             (no amulet)
HPRegen  0.25/turn              C - -4 ring of strength (curse)
MPRegen  0.19/turn              G - ring of poison resistance

@: spider-form, hasted and slowed, repel missiles
A: tiny, distributed training, strong nose
a: End Transformation, Upheaval, Elemental Force, Renounce Religion


You were on level 1 of the Lair of Beasts.
You worshipped Qazlal.
Qazlal was greatly pleased with you.
You were not hungry.
You were a venomous arachnid creature.
You visited 2 branches of the dungeon, and saw 11 of its levels.
You also visited: Sewer.

You collected 525 gold pieces.
You spent 240 gold pieces at shops.

Inventory:

Hand Weapons
 b - a +1 hand axe of electrocution
 j - a +2 dagger of protection
 s - a cursed +0 short sword (melded)
 t - a +2 flail of crushing
Missiles
 a - 269 arrows
 f - 5 datura-tipped darts (quivered)
 l - 18 poisoned darts
 x - 4 atropa-tipped darts
Armour
 y - a +0 buckler (melded)
 z - a +0 pair of boots (melded)
 E - the +4 robe of Augmentation (melded) {Str+4 Int+4 Dex+4}
   (You found it on level 1 of the Lair of Beasts)

   It affects your strength (+4).
   It affects your intelligence (+4).
   It affects your dexterity (+4).
 F - the +1 cloak "Rocokk" {rC- rCorr Int+10 Dex-4}
   (You found it on level 9 of the Dungeon)

   It affects your intelligence (+10).
   It affects your dexterity (-4).
   It makes you vulnerable to cold.
   It provides partial protection from all sources of acid and corrosion.
 H - the +5 robe of Night {Dark MR+ SInv}
   (You found it on level 9 of the Dungeon)

   It affects your resistance to hostile enchantments.
   It lets you see invisible.
 I - a +2 robe of positive energy
Jewellery
 C - a cursed -4 ring of strength (left front leg)
 G - a ring of poison resistance (right front leg)
Wands
 o - a wand of enslavement (5)
Scrolls
 c - 9 scrolls of identify
 p - 7 scrolls of teleportation
 u - a scroll of fog
 v - 3 scrolls of amnesia
Potions
 g - a potion of curing
 h - a potion of magic
 i - a potion of resistance
 k - 3 potions of lignification
 m - 4 potions of flight
 r - 4 potions of might
 w - a potion of cancellation
 A - 2 potions of brilliance
 B - 2 potions of agility
Comestibles
 d - 22 rations


   Skills:
 + Level 7.2 Fighting
 + Level 6.7 Short Blades
 + Level 6.7 Long Blades
 + Level 6.7 Axes
 + Level 6.7 Maces & Flails
 + Level 6.7 Polearms
 + Level 6.7 Staves
 + Level 6.7 Slings
 + Level 6.7 Bows
 + Level 6.7 Crossbows
 + Level 6.7 Throwing
 + Level 6.7 Armour
 + Level 8.2 Dodging
 + Level 6.7 Stealth
 + Level 6.7 Shields
 + Level 9.4 Unarmed Combat
 + Level 8.5 Spellcasting
 + Level 5.5 Conjurations
 + Level 5.5 Hexes
 + Level 5.5 Charms
 + Level 5.5 Summonings
 + Level 5.5 Necromancy
 + Level 5.5 Translocations
 + Level 6.8 Transmutations
 + Level 5.5 Fire Magic
 + Level 5.5 Ice Magic
 + Level 5.5 Air Magic
 + Level 5.5 Earth Magic
 + Level 5.5 Poison Magic
 + Level 7.3 Invocations
 + Level 6.7 Evocations


You had 12 spell levels left.
You knew the following spells:

 Your Spells              Type           Power        Failure   Level  Hunger
a - Beastly Appendage     Tmut           ####..       3%          1    None
b - Sticks to Snakes      Tmut           ####....     4%          2    None
c - Spider Form           Tmut/Pois      ####......   8%          3    None
d - Regeneration          Chrm/Necr      ####......   10%         3    None
e - Song of Slaying       Chrm           ####....     6%          2    None
f - Mephitic Cloud        Conj/Pois/Air  ####....     10%         3    None
g - Blink                 Tloc           N/A          6%          2    None

Your spell library contained the following spells:

 Spells                   Type           Power        Failure   Level  Hunger
 Infusion                 Chrm           ####         4%          1    None
 Magic Dart               Conj           ####         4%          1    None
 Call Imp                 Summ           ####....     6%          2    None
 Shroud of Golubria       Chrm/Tloc      ####..       6%          2    None
 Slow                     Hex            ####....     6%          2    None
 Conjure Flame            Conj/Fire      ####....     10%         3    None
 Spectral Weapon          Hex/Chrm       ####....     10%         3    None
 Ice Form                 Ice/Tmut       ####....     19%         4    ###....
 Blade Hands              Tmut           ####......   32%         5    #####..


Dungeon Overview and Level Annotations

Branches:
Dungeon (9/15)             Temple (0/1) D:7            Lair (2/6) D:9
  Swamp (0/4) Lair:2
  Snake: Lair:2-4    Spider: Lair:2-4       Orc: D:9-12

Altars:
Ashenzari
Dithmenos
Elyvilon
Kikubaaqudgha
Nemelex Xobeh
Okawaru
Qazlal
Ru
Sif Muna
Trog
Uskayaw
Wu Jian
Xom
The Shining One

Shops:
D:8 }   D:9 :

Annotations:
Lair:1 Erica


Innate Abilities, Weirdness & Mutations

Your experience applies equally to all skills.
((You have very sharp teeth.))
Your uncanny sense of smell can sniff out nearby items.


Message History

The eight-headed hydra misses you.
The eight-headed hydra is engulfed in freezing vapours.
The eight-headed hydra closely misses you.
The eight-headed hydra barely misses you.
The eight-headed hydra bites you!
The eight-headed hydra barely misses you.
The eight-headed hydra closely misses you.
The eight-headed hydra completely misses you.
The eight-headed hydra closely misses you.
The eight-headed hydra bites you!
* * * LOW HITPOINT WARNING * * *
You hear a croak.
Okay, then.
Unknown command.
You feel yourself speed up. The eight-headed hydra bites you!
* * * LOW HITPOINT WARNING * * *
The eight-headed hydra closely misses you.
The eight-headed hydra barely misses you.
The eight-headed hydra bites you!
You die...

#.###.#..#.P # ..# ### ##...#
P..# ..# ### ##..#####..# ##..#
#
#.#####..P##P#..#######...#.###
..................$............
...............................
####.#........°..#####..######
###...........P# #..#
#..........s# #.[# #
#........°.D# #..## #
#.####e.........{#####...###P###
.................°....).......D#
...................>....<......#
.####..D.........###....########
#.............# ##..##
#.............# #...#
##.>..........####..#


You could see an eight-headed hydra.

Vanquished Creatures
  A hydra (Lair:1)
  A two-headed ogre (D:8)
  An orc knight (D:9)
  An orc sorcerer (D:9)
  Joseph (D:8)
  A torpor snail (Lair:2)
  A spiny frog (Lair:2)
  A komodo dragon (Lair:1)
  2 bog bodies (Lair:2)
  A spriggan (D:8)
  10 yaks
  A basilisk (Lair:1)
  A steam dragon (Lair:2)
  A hungry ghost (D:7)
  14 wargs (D:9)
  2 swamp worms (Lair:2)
  A hornet zombie (D:8)
  2 porcupines (Lair:2)
  6 orc warriors
  4 ice beasts
  2 sky beasts (D:5)
  A phantom (D:5)
  3 black bears
  5 ogres
  5 centaurs
  3 crocodiles
  A big kobold (Sewer)
  A bullfrog (Lair:1)
  4 scorpions
  4 killer bees (D:9)
  3 howler monkeys
  2 crimson imps
  A bullfrog zombie (D:8)
  A bullfrog skeleton (D:8)
  4 hounds
  2 jellies
  6 orc priests
  3 centaur skeletons
  4 iguanas
  7 orc wizards (D:8)
  4 worker ants
  2 killer bee zombies (D:8)
  4 hound skeletons
  20 adders
  4 river rats
  2 shadow imps
  4 oozes
  An adder skeleton (D:4)
  6 worms
  3 dart slugs (D:2)
  7 leopard geckos
  48 orcs
  3 giant cockroaches
  2 goblins
  7 hobgoblins
  19 jackals
  3 quokkas
  3 ball pythons (Sewer)
  4 bats
  A frilled lizard (D:2)
  18 kobolds
  5 rats
285 creatures vanquished.

Vanquished Creatures (collateral kills)
  An orc knight (D:9)
  A merfolk (Lair:1)
  2 bog bodies (Lair:2)
  A water moccasin (Lair:2)
  An orc (D:9)
6 creatures vanquished.

Vanquished Creatures (others)
  A hound skeleton (D:7)
  2 fungi
  A plant (Lair:1)
4 creatures vanquished.

Grand Total: 295 creatures vanquished

Notes
Turn   | Place    | Note
-------+----------+-------------------------------------------
     0 | D:1      | Froggeryz the Gnoll Transmuter began the quest for the Orb.
     0 | D:1      | Reached XP level 1. HP: 17/17 MP: 6/6
    70 | D:1      | Reached XP level 2. HP: 19/23 MP: 7/7
   441 | D:2      | Reached XP level 3. HP: 23/28 MP: 9/9
   470 | D:2      | Reached skill level 5 in Spellcasting
   781 | D:2      | Reached skill level 1 in Invocations
  1053 | D:2      | Reached skill level 1 in Short Blades
  1053 | D:2      | Reached skill level 1 in Long Blades
  1053 | D:2      | Reached skill level 1 in Axes
  1053 | D:2      | Reached skill level 1 in Maces & Flails
  1053 | D:2      | Reached skill level 1 in Polearms
  1053 | D:2      | Reached skill level 1 in Staves
  1053 | D:2      | Reached skill level 1 in Slings
  1053 | D:2      | Reached skill level 1 in Bows
  1053 | D:2      | Reached skill level 1 in Crossbows
  1053 | D:2      | Reached skill level 1 in Throwing
  1053 | D:2      | Reached skill level 1 in Armour
  1053 | D:2      | Reached skill level 1 in Stealth
  1053 | D:2      | Reached skill level 1 in Shields
  1053 | D:2      | Reached skill level 1 in Evocations
  1081 | D:2      | Reached XP level 4. HP: 34/34 MP: 11/11
  1344 | D:3      | Found a glowing drain.
  1354 | Sewer    | Entered a sewer
  1481 | Sewer    | Reached skill level 1 in Conjurations
  1481 | Sewer    | Reached skill level 1 in Hexes
  1481 | Sewer    | Reached skill level 1 in Charms
  1481 | Sewer    | Reached skill level 1 in Summonings
  1481 | Sewer    | Reached skill level 1 in Necromancy
  1481 | Sewer    | Reached skill level 1 in Translocations
  1481 | Sewer    | Reached skill level 1 in Fire Magic
  1481 | Sewer    | Reached skill level 1 in Ice Magic
  1481 | Sewer    | Reached skill level 1 in Air Magic
  1481 | Sewer    | Reached skill level 1 in Earth Magic
  1481 | Sewer    | Reached skill level 1 in Poison Magic
  1666 | Sewer    | Reached XP level 5. HP: 4/40 MP: 12/12
  2170 | Sewer    | Noticed a big kobold
  2190 | Sewer    | Killed a big kobold
  2190 | Sewer    | Reached XP level 6. HP: 18/47 MP: 13/13
  2216 | Sewer    | Learned a level 2 spell: Sticks to Snakes
  2220 | Sewer    | Learned a level 3 spell: Spider Form
  3057 | D:3      | Found a glowing golden altar of the Shining One.
  3149 | D:3      | Reached skill level 5 in Dodging
  3612 | D:4      | Reached XP level 7. HP: 50/52 MP: 15/15
  4078 | D:5      | Entered Level 5 of the Dungeon
  4100 | D:5      | Reached skill level 7 in Unarmed Combat
  4401 | D:5      | Found a white marble altar of Elyvilon.
  4416 | D:5      | Reached XP level 8. HP: 38/60 MP: 16/16
  4942 | D:5      | Found an iron altar of Okawaru.
  5124 | D:6      | Found a stormy altar of Qazlal.
  5126 | D:6      | Noticed an air elemental
  5132 | D:6      | Found a sacrificial altar of Ru.
  5134 | D:6      | Found an ancient bone altar of Kikubaaqudgha.
  5136 | D:6      | Found a deep blue altar of Sif Muna.
  5173 | D:6      | Noticed a water elemental
  5216 | D:6      | Became a worshipper of Qazlal Stormbringer
  5499 | D:6      | Noticed a +0 dagger
  5499 | D:6      | Noticed a +0 hand axe
  5504 | D:6      | Found a hide-covered altar of Uskayaw.
  5596 | D:6      | Reached XP level 9. HP: 66/66 MP: 14/18
  5807 | D:7      | Reached skill level 5 in Transmutations
  6126 | D:7      | Reached * piety under Qazlal
  6279 | D:7      | Found a shattered altar of Ashenzari.
  6305 | D:7      | Found a staircase to the Ecumenical Temple.
  6548 | D:7      | Reached skill level 5 in Fighting
  6803 | D:8      | Reached skill level 8 in Unarmed Combat
  6903 | D:8      | Found Pamp's Gadget Emporium.
  7171 | D:8      | Noticed Joseph
  7179 | D:7      | Reached skill level 5 in Invocations
  7256 | D:8      | Found a bloodstained altar of Trog.
  7395 | D:8      | Found a shimmering altar of Xom.
  7441 | D:8      | Killed Joseph
  7441 | D:8      | Reached XP level 10. HP: 52/74 MP: 17/20
  7518 | D:8      | Noticed a two-headed ogre
  7534 | D:8      | HP: 2/74 [two-headed ogre/+0 giant spiked club (17)]
  7539 | D:8      | Killed a two-headed ogre
  7539 | D:8      | Reached skill level 5 in Short Blades
  7539 | D:8      | Reached skill level 5 in Long Blades
  7539 | D:8      | Reached skill level 5 in Axes
  7539 | D:8      | Reached skill level 5 in Maces & Flails
  7539 | D:8      | Reached skill level 5 in Polearms
  7539 | D:8      | Reached skill level 5 in Staves
  7539 | D:8      | Reached skill level 5 in Slings
  7539 | D:8      | Reached skill level 5 in Bows
  7539 | D:8      | Reached skill level 5 in Crossbows
  7539 | D:8      | Reached skill level 5 in Throwing
  7539 | D:8      | Reached skill level 5 in Armour
  7539 | D:8      | Reached skill level 5 in Stealth
  7539 | D:8      | Reached skill level 5 in Shields
  7539 | D:8      | Reached skill level 5 in Evocations
  7827 | D:8      | Reached ** piety under Qazlal
  8534 | D:9      | Found a staircase to the Lair.
  8553 | D:9      | Learned a level 3 spell: Regeneration
  8556 | D:9      | Learned a level 2 spell: Song of Slaying
  8578 | D:9      | Found a sparkling altar of Nemelex Xobeh.
  8666 | D:9      | Found a shadowy altar of Dithmenos.
  8794 | D:9      | Got a jewelled cloak
  8938 | D:9      | Reached *** piety under Qazlal
  9291 | D:9      | Reached XP level 11. HP: 69/82 MP: 14/22
  9304 | D:9      | Noticed an orc knight
  9426 | D:9      | Noticed an orc sorcerer
  9439 | D:9      | Noticed an orc knight
  9441 | D:9      | Killed an orc sorcerer
  9441 | D:9      | Reached skill level 9 in Unarmed Combat
  9586 | D:9      | Reached skill level 5 in Conjurations
  9586 | D:9      | Reached skill level 5 in Hexes
  9586 | D:9      | Reached skill level 5 in Charms
  9586 | D:9      | Reached skill level 5 in Summonings
  9586 | D:9      | Reached skill level 5 in Necromancy
  9586 | D:9      | Reached skill level 5 in Translocations
  9586 | D:9      | Reached skill level 5 in Fire Magic
  9586 | D:9      | Reached skill level 5 in Ice Magic
  9586 | D:9      | Reached skill level 5 in Air Magic
  9586 | D:9      | Reached skill level 5 in Earth Magic
  9586 | D:9      | Reached skill level 5 in Poison Magic
  9611 | D:9      | Found the +5 robe of Night {Dark MR+ SInv}
  9620 | D:9      | Identified the +1 cloak "Rocokk" {rC- rCorr Int+10 Dex-4}
                  | (You found it on level 9 of the Dungeon)
  9727 | D:9      | Killed an orc knight
  9948 | D:9      | Reached **** piety under Qazlal
 10041 | D:9      | Killed an orc knight
 10308 | D:9      | Found Sobecadu's Book Shop.
 10312 | D:9      | Bought a book of Minor Magic for 240 gold pieces
 10316 | D:9      | Learned a level 3 spell: Mephitic Cloud
 10319 | D:9      | Learned a level 2 spell: Blink
 10378 | Lair:1   | Entered Level 1 of the Lair of Beasts
 10398 | Lair:1   | Found the +4 robe of Augmentation {Str+4 Int+4 Dex+4}
 10467 | Lair:1   | Noticed an eight-headed hydra
 10516 | Lair:1   | Noticed an eight-headed hydra
 10524 | Lair:1   | Killed an eight-headed hydra
 10528 | Lair:1   | Noticed Fannar
 10561 | Lair:2   | Found an ornate altar of the Wu Jian Council.
 10680 | Lair:2   | HP: 1/84 [yak[a torpor snail] (16)]
 10980 | Lair:2   | Found a staircase to the Swamp.
 11258 | Lair:2   | Reached XP level 12. HP: 62/91 MP: 16/24
 11665 | Lair:1   | Noticed Fannar
 11665 | Lair:1   | Fannar changed into Fannar the merfolk
 11670 | Lair:1   | Killed Fannar the merfolk
 11676 | Lair:1   | Noticed Erica
 11694 | Lair:1   | HP: 2/91 [eight-headed hydra (16)]
 11694 | Lair:1   | Mangled by an eight-headed hydra

Levels and vault maps discovered:
D:1:      dpeg_arrival_tiny_a, layout_rooms, minmay_heptomino_w4
D:2:      layout_loops_ring
D:3:      layout_loops_corners, tso_metal_star, lightli_sewer_entry_pipes
D:4:      layout_basic, first_ration
D:5:      layout_gridville, kennysheep_mini, lemuel_doored_altar
D:6:      layout_basic, nicolae_qazlal_style_of_elements,
          gammafunk_temple_overflow_forgotten, dancing_weapons_uskayaw
D:7:      layout_basic, cheibrodos_ashenzari_chains, minmay_temple_entry_grid,
          lemuel_flame_loot_1
D:8:      layout_loops_ring, kennysheep_little_box, trog_ov_bears_minmay,
          serial_shops, shop, the_bakery, serial_bayou_pond_a, uniq_joseph
D:9:      lemuel_castle_with_subvaults [lemuel_castle_interior_carwin_3],
          layout_irregular_city, nicolae_overflow_crystal_walls,
          lemuel_round_altar, dpeg_oklobed_lair, serial_shops, shop_statue
Lair:1:   layout_small_grid, hellmonk_ghost_happy_afterlife, uniq_erica,
          uniq_gastronok, uniq_fannar
Lair:2:   layout_roguey, nicolae_swamp_entry_splash_gauntlet, basic_altar

Skill      XL: |  1  2  3  4  5  6  7  8  9 10 11 |
---------------+----------------------------------+-----
Spellcasting   | 5 6 7 8 |  8.5
Invocations    | 1 2 3 4 5 6 7 |  7.3
Short Blades   | 1 2 3 4 5 6 |  6.7
Long Blades    | 1 2 3 4 5 6 |  6.7
Axes           | 1 2 3 4 5 6 |  6.7
Maces & Flails | 1 2 3 4 5 6 |  6.7
Polearms       | 1 2 3 4 5 6 |  6.7
Staves         | 1 2 3 4 5 6 |  6.7
Slings         | 1 2 3 4 5 6 |  6.7
Bows           | 1 2 3 4 5 6 |  6.7
Crossbows      | 1 2 3 4 5 6 |  6.7
Throwing       | 1 2 3 4 5 6 |  6.7
Armour         | 1 2 3 4 5 6 |  6.7
Stealth        | 1 2 3 4 5 6 |  6.7
Shields        | 1 2 3 4 5 6 |  6.7
Evocations     | 1 2 3 4 5 6 |  6.7
Conjurations   | 1 2 3 4 5 |  5.5
Hexes          | 1 2 3 4 5 |  5.5
Charms         | 1 2 3 4 5 |  5.5
Summonings     | 1 2 3 4 5 |  5.5
Necromancy     | 1 2 3 4 5 |  5.5
Translocations | 1 2 3 4 5 |  5.5
Fire Magic     | 1 2 3 4 5 |  5.5
Ice Magic      | 1 2 3 4 5 |  5.5
Air Magic      | 1 2 3 4 5 |  5.5
Earth Magic    | 1 2 3 4 5 |  5.5
Poison Magic   | 1 2 3 4 5 |  5.5
Fighting       | 3 4 5 6 7 |  7.2
Transmutations | 4 5 6 |  6.8
Dodging        | 5 6 7 8 |  8.2
Unarmed Combat | 7 8 9 |  9.4

Action                   |  1- 3 |  4- 6 |  7- 9 | 10-12 || total
-------------------------+-------+-------+-------+-------++-------
Melee: Unarmed           |    53 |    61 |   262 |   423 ||   799
       Kick              |     4 |    10 |       |       ||    14
       Bite              |    14 |    22 |    22 |     3 ||    61
       Punch             |     4 |     4 |       |       ||     8
       Dagger            |    62 |    20 |       |       ||    82
       Flail             |       |   138 |       |       ||   138
       Headbutt          |       |     9 |     3 |       ||    12
       Short sword       |       |    38 |   169 |    28 ||   235
 Cast: Beastly Appendage |     2 |     9 |     2 |     1 ||    14
       Spider Form       |       |     8 |    33 |    40 ||    81
       Regeneration      |       |       |       |    16 ||    16
       Sticks to Snakes  |       |       |       |    35 ||    35
       Song of Slaying   |       |       |       |     2 ||     2
       Blink             |       |       |       |     1 ||     1
Invok: Upheaval          |       |       |       |     2 ||     2
Evoke: Wand              |       |       |       |     7 ||     7
  Use: Potion            |       |     8 |       |     5 ||    13
       Scroll            |       |     7 |     8 |     5 ||    20
 Stab: Sleeping          |     6 |     2 |     5 |       ||    13
       Distracted        |       |       |       |     2 ||     2
  Eat: Chunk             |       |     6 |    15 |    13 ||    34
       Ration            |       |     1 |       |     1 ||     2
Armor: Robe              |    17 |    15 |    14 |     1 ||    47
       Skin              |       |     4 |     6 |     9 ||    19
Dodge: Dodged            |    82 |   248 |   339 |   418 ||  1087
       Deflected         |       |       |       |     1 ||     1
Block: Buckler           |       |       |    40 |    27 ||    67
       Other             |       |       |       |    59 ||    59

Table legend:
 A = Non-vault XP
 B = Vault XP
 C = Vault XP percentage of total XP
 D = Non-vault monster count
 E = Vault monster count
 F = Vault count percentage of total count
                 A         B        C        D         E       F
            +---------+---------+-------+---------+---------+-------
      Total |   11086 |    7475 |  40.3 |     192 |      99 |  34.0
            +---------+---------+-------+---------+---------+-------
        D:1 |      25 |       6 |  19.4 |      12 |       3 |  20.0
        D:2 |      51 |       0 |   0.0 |      16 |       0 |   0.0
        D:3 |      48 |     103 |  68.2 |      23 |      11 |  32.4
        D:4 |     249 |       0 |   0.0 |       9 |       0 |   0.0
        D:5 |    1006 |       0 |   0.0 |      15 |       0 |   0.0
        D:6 |     701 |       0 |   0.0 |      21 |       0 |   0.0
        D:7 |    1030 |       0 |   0.0 |      25 |       0 |   0.0
        D:8 |    2333 |     945 |  28.8 |      34 |       4 |  10.5
        D:9 |    1530 |    4725 |  75.5 |      20 |      52 |  72.2
     Lair:1 |    1739 |     153 |   8.1 |       6 |       1 |  14.3
     Lair:2 |    2374 |    1332 |  35.9 |      11 |       7 |  38.9
      Sewer |       0 |     211 | 100.0 |       0 |      21 | 100.0
            +---------+---------+-------+---------+---------+-------
